 Dungeon Crawl Stone Soup version 0.30-a0-989-g0d87f670db (webtiles) character file.

Game seed: 868349975870371383

3854 112233 the Fighter (level 9, -7/75 HPs)
             Began as a Demonspawn Fighter on Apr 4, 2023.
             Was a Follower of Makhleb.
             Killed from afar by a gargoyle (19 damage)
             ... with a stone arrow
             ... on level 8 of the Dungeon.
             The game lasted 00:11:38 (9018 turns).

112233 the Fighter (Demonspawn Fighter)             Turns: 9018, Time: 00:11:39

Health: -7/75      AC:  8    Str: 16    XL:     9   Next: 99%
Magic:  15/15      EV: 13    Int: 14    God:    Makhleb [*.....]
Gold:   647        SH:  7    Dex: 27    Spells: 11/16 levels left

rFire   . . .      SeeInvis .      - Unarmed
rCold   + . .      Faith    .    b - +0 buckler
rNeg    . . .      Spirit   .    y - +0 ring mail
rPois   +          Reflect  .    o - +1 helmet
rElec   .          Rampage  .    n - +0 cloak
rCorr   .                        (gloves unavailable)
Will    .....                    (no boots)
Stlth   +                        (no amulet)
HPRegen 0.32/turn                d - +6 ring of dexterity
MPRegen 0.14/turn                r - ring "Jusitipp" {Wiz *Slow rPois rC+ Dex+8}

@: mighty, wereblooded
A: foul stench 1, powered by pain 2, demonic touch 3
a: Renounce Religion


You were on level 8 of the Dungeon.
You worshipped Makhleb.
Makhleb was aware of your devotion.
You visited 2 branches of the dungeon, and saw 9 of its levels.
You also visited: Ossuary.

You collected 647 gold pieces.

Inventory:

Hand Weapons
 p - a +2 dagger of draining
 w - a +0 arbalest
Armour
 b - a +0 buckler (worn)
 n - a +0 cloak (worn)
 o - a +1 helmet (worn)
 y - a +0 ring mail (worn)
 J - a +0 robe of willpower
Jewellery
 d - a +6 ring of dexterity (left hand)
 h - a ring of flight
 l - a ring of poison resistance
 r - the ring "Jusitipp" (right hand) {Wiz *Slow rPois rC+ Dex+8}
   (You found it on level 8 of the Dungeon)

   [ring of wizardry]

   It improves your spell success rate.
   Dex:       It affects your dexterity (+8).
   rC:        It protects you from cold.
   rPois:     It protects you from poison.
   *Slow:     It may slow you when you take damage.
 F - a ring of see invisible
 G - a +6 ring of intelligence
 K - a +6 ring of strength
 N - a ring of resist corrosion
Wands
 a - a wand of polymorph (6)
 B - a wand of digging (4)
Scrolls
 f - 11 scrolls of noise
 g - a scroll of brand weapon {unknown}
 i - 4 scrolls of magic mapping {unknown}
 j - 5 scrolls of immolation {unknown}
 m - 4 scrolls of blinking {unknown}
 s - 7 scrolls of teleportation {unknown}
 u - 9 scrolls of identify {unknown}
 x - 2 scrolls of torment {unknown}
 z - 3 scrolls of enchant weapon {unknown}
 A - a scroll of amnesia {unknown}
 I - 4 scrolls of poison {unknown}
 L - a scroll of vulnerability {unknown}
 O - a scroll of fog {unknown}
Potions
 c - 2 potions of ambrosia {unknown}
 q - a potion of brilliance {unknown}
 t - 10 potions of degeneration
 v - 2 potions of invisibility {unknown}
 C - a potion of mutation {unknown}
 D - 3 potions of attraction {unknown}
 E - 2 potions of flight {unknown}
 H - a potion of might
 M - a potion of haste {unknown}
 P - a potion of resistance {unknown}
 Q - a potion of cancellation {unknown}


   Skills:
 + Level 8.4 Fighting
 - Level 2.7 Armour
 + Level 4.0 Dodging
 - Level 5.0 Shields
 + Level 7.4 Unarmed Combat
 + Level 4.1 Spellcasting
 + Level 3.6 Transmutations


You had 11 spell levels left.
You knew the following spells:

 Your Spells              Type           Power      Damage    Failure   Level
a - Beastly Appendage     Tmut           26%        N/A       4%          1
b - Wereblood             Tmut           13%        N/A       6%          2
c - Passwall              Tmut/Erth      6%         N/A       13%         2

Your spell library contained the following spells:

 Spells                   Type           Power      Damage    Failure   Level
 Magic Dart               Conj           8%         1d3       17%         1
 Call Imp                 Summ           2%         N/A       26%         2
 Ensorcelled Hibernation  Hex/Ice        4%         N/A       26%         2
 Scorch                   Fire           4%         2d5       26%         2
 Sublimation of Blood     Necr           2%         N/A       26%         2
 Spider Form              Tmut/Pois      8%         N/A       26%         3
 Call Canine Familiar     Summ           2%         N/A       45%         3
 Mephitic Cloud           Conj/Pois/Air  2%         N/A       45%         3
 Portal Projectile        Hex/Tloc       4%         N/A       45%         3
 Swiftness                Air            2%         N/A       45%         3
 Petrify                  Tmut/Erth      8%         N/A       61%         4
 Flame Wave               Conj/Fire      2%         2d4       85%         4
 Leda's Liquefaction      Hex/Erth       1%         N/A       85%         4
 Irradiate                Conj/Tmut      4%         3d13      90%         5
 Summon Cactus Giant      Summ           1%         N/A       100%        6


Dungeon Overview and Level Annotations

Branches:
Dungeon (8/15)             Temple (1/1) D:6         Ossuary (visited)
   Lair: D:8-11

Altars:
Cheibriados
Dithmenos
Hepliaklqana
Makhleb
Nemelex Xobeh
Okawaru
Qazlal
Ru
Trog
Uskayaw
Vehumet
Wu Jian
Xom

Shops:
D:4 :

Annotations:
D:7 exclusion: downstairs


Innate Abilities, Weirdness & Mutations

You may rarely emit foul miasma when damaged in melee.
You sometimes gain power by taking damage.
Your touch may irresistibly damage your foes and sap their willpower.


Message History

The gargoyle is severely damaged.
The gargoyle misses you.
You hit the gargoyle but do no damage.
The gargoyle is severely damaged.
The gargoyle completely misses you.
You hit the gargoyle.
The gargoyle is almost destroyed.
The gargoyle hits you with a +0 mace.
Unknown command.
You hit the gargoyle but do no damage.
The gargoyle is almost destroyed.
You howl as the wereblood boils in your veins!
The gargoyle hurls a stone arrow at you.
The stone arrow hits you!!
You focus on the pain.
You feel mightier all of a sudden.
Unknown command.
You hit the gargoyle.
The gargoyle is almost destroyed.
The gargoyle hits you with a +0 mace.
Unknown command.
You hit the gargoyle but do no damage.
The gargoyle is almost destroyed.
You howl as the wereblood boils in your veins!
You barely miss the gargoyle.
The gargoyle is almost destroyed.
The gargoyle hits you with a +0 mace.
Unknown command.
You completely miss the gargoyle.
The gargoyle is almost destroyed.
The gargoyle hits you with a +0 mace!
* * * LOW HITPOINT WARNING * * *
You hit the gargoyle but do no damage.
The gargoyle is almost destroyed.
The gargoyle barely misses you.
Unknown command.
You hit the gargoyle.
The gargoyle is almost destroyed.
The gargoyle hurls a stone arrow at you.
The stone arrow hits you!!
You die...

#. .# #. ... #.
... #.# #.# #.
#.#
#..####9####..#
#.....@8.......
##..####†####..
.# #. #.# ..#
#.## #.# ##g.#
#... ##.## .g..
#...##...##...#.#
#...#.....#.....
#...###...##.#
##...........#


You could see a gargoyle.

Vanquished Creatures
  A centaur warrior (D:8)
  Joseph (D:7)
  A troll (D:8)
  A golden eye (D:8)
  2 steam dragons
  A sky beast (D:8)
  2 black bears
  A centaur (D:7)
  A kobold brigand (D:7)
  2 bullfrogs
  5 scorpions
  3 wights
  4 killer bees (D:8)
  4 howler monkeys
  3 centaur zombies (Ossuary)
  A hound (D:5)
  2 orc priests
  4 gnoll boudas
  A sleepcap (D:4)
  3 iguanas
  3 orc wizards
  4 mummies (Ossuary)
  Robin (D:2)
  14 gnolls
  18 adders
  An ufetubus (D:5)
  A worm (D:2)
  2 dart slugs
  22 orcs
  8 endoplasms
  2 giant cockroaches
  16 goblins
  11 hobgoblins
  13 jackals
  13 kobolds
  11 ball pythons
  9 bats
  3 frilled lizards
  2 goblin zombies (Ossuary)
  2 hobgoblin zombies (Ossuary)
  A kobold zombie (Ossuary)
  6 rats
206 creatures vanquished.

Notes
Turn   | Place    | Note
-------+----------+-------------------------------------------
     0 | D:1      | 112233 the Demonspawn Fighter began the quest for the Orb.
     0 | D:1      | Reached XP level 1. HP: 18/18 MP: 1/1
   152 | D:1      | Gained mutation: Your touch may inflict minor irresistible
                  | damage on your foes. [demonic ancestry]
   152 | D:1      | Reached XP level 2. HP: 21/24 MP: 2/2
  1026 | D:2      | Reached XP level 3. HP: 29/29 MP: 3/3
  1186 | D:2      | Noticed Robin
  1211 | D:2      | Killed Robin
  1522 | D:2      | Gained mutation: Your touch may inflict irresistible damage
                  | on your foes. [demonic ancestry]
  1522 | D:2      | Reached XP level 4. HP: 36/36 MP: 4/4
  1546 | D:2      | Found a hide-covered altar of Uskayaw.
  2224 | D:3      | Reached skill level 4 in Fighting
  2239 | D:3      | Found a shimmering altar of Xom.
  2305 | D:3      | Gained mutation: You sometimes gain a little power by
                  | taking damage. [demonic ancestry]
  2305 | D:3      | Reached XP level 5. HP: 42/42 MP: 5/5
  2894 | D:4      | Found Gachoplu's Book Boutique.
  3464 | D:4      | Noticed a black bear
  3468 | D:4      | Killed a black bear
  3469 | D:4      | Gained mutation: You may rarely emit foul miasma when
                  | damaged in melee. [demonic ancestry]
  3469 | D:4      | Reached XP level 6. HP: 45/49 MP: 6/6
  3645 | D:4      | Reached skill level 5 in Fighting
  3791 | D:4      | Found a sparkling altar of Nemelex Xobeh.
  3837 | D:4      | You fall into a shaft and drop 3 floors!
  3916 | D:6      | Reached XP level 7. HP: 56/56 MP: 7/7
  4290 | D:5      | Entered Level 5 of the Dungeon
  4350 | D:5      | Reached skill level 5 in Shields
  4568 | D:5      | Reached skill level 5 in Unarmed Combat
  4717 | D:5      | Reached skill level 6 in Fighting
  5077 | D:5      | Gained mutation: You sometimes gain power by taking damage.
                  | [demonic ancestry]
  5077 | D:5      | Reached XP level 8. HP: 65/65 MP: 8/8
  6131 | D:6      | Found a staircase to the Ecumenical Temple.
  6143 | Temple   | Entered the Ecumenical Temple
  6150 | Temple   | Became a worshipper of Makhleb the Destroyer
  6264 | D:6      | Learned a level 2 spell: Passwall
  6267 | D:6      | Learned a level 2 spell: Wereblood
  6269 | D:6      | Learned a level 1 spell: Beastly Appendage
  6538 | D:6      | Reached skill level 7 in Fighting
  6783 | D:7      | Noticed Joseph
  6817 | D:7      | Reached skill level 1 in Spellcasting
  6822 | D:7      | Reached skill level 1 in Dodging
  6836 | D:7      | Killed Joseph
  6837 | D:7      | Reached skill level 1 in Transmutations
  6837 | D:7      | Gained mutation: Your touch may irresistibly damage your
                  | foes and sap their willpower. [demonic ancestry]
  6837 | D:7      | Reached XP level 9. HP: 44/72 MP: 9/12
  7309 | D:7      | Reached * piety under Makhleb
  7902 | D:8      | Found a hide-covered altar of Uskayaw.
  7959 | D:8      | Identified the ring "Jusitipp" {Wiz *Slow rPois rC+ Dex+8}
  8216 | D:8      | Found a sand-covered staircase.
  8338 | Ossuary  | Entered an ossuary
  8842 | D:8      | Noticed a centaur warrior
  8854 | D:8      | Noticed a troll
  8858 | D:8      | Killed a centaur warrior
  8859 | D:8      | Reached skill level 8 in Fighting
  8871 | D:8      | Killed a troll
  8979 | D:8      | Noticed a gargoyle
  9018 | D:8      | Killed from afar by a gargoyle

Illustrated notes

Levels and vault maps discovered:
D:1:      erik_arrival_cave_to_civilisation [erik_arrival_cave_to_hall],
          layout_basic
D:2:      layout_basic, basic_altar, minmay_pentomino_p4, uniq_robin
D:3:      layout_loops_cross, mainiacjoe_overflow_cross_hatched,
          mainiacjoe_overflow_alcove_2, minmay_cupped
D:4:      layout_rooms, nemelex_dance_club_becter, serial_shops,
          nicolae_shop_statue_plus, minmay_misc_feat_chi, minmay_starry_boxes
D:5:      layout_loops_cross, st_stairs_11, minmay_joined_circles
D:6:      layout_loops_ring, minmay_temple_entry_waves
D:7:      layout_rooms, kennysheep_generic_room_16, uniq_joseph
D:8:      layout_loops_ring, nicolae_uskayaw_suspiria,
          nicolae_ossuary_entry_monument, kb_rosetta
Temple:   nicolae_temple_no_exploring_needed

Skill      XL: |  1  2  3  4  5  6  7  8  9 |
---------------+----------------------------+-----
Unarmed Combat | 2 3 4 5 6 7 |  7.4
Shields        | 3 4 5 |  5.0
Fighting       | 4 5 6 7 8 |  8.4
Spellcasting   | 2 4 |  4.1
Dodging        | 2 4 |  4.0
Transmutations | 1 3 |  3.6
Armour         | |  2.7

Action                     |  1- 3 |  4- 6 |  7- 9 || total
---------------------------+-------+-------+-------++-------
  Melee: Unarmed           |   202 |   333 |   420 ||   955
         Kick              |       |       |    26 ||    26
         Headbutt          |       |       |    16 ||    16
   Cast: Beastly Appendage |       |       |     8 ||     8
         Wereblood         |       |       |     5 ||     5
  Evoke: Wand              |       |     2 |    15 ||    17
    Use: Potion            |     3 |     2 |    11 ||    16
   Stab: Distracted        |       |       |     1 ||     1
 Armour: Scale mail        |   106 |   112 |       ||   218
         Ring mail         |       |    54 |   112 ||   166
         Skin              |       |     4 |    30 ||    34
  Dodge: Dodged            |    95 |   117 |   192 ||   404
  Block: Buckler           |    50 |    93 |   126 ||   269

Table legend: (Time is in decaauts)
 A = Elapsed time spent in this place.
 B = Non-inter-level travel time spent in this place.
 C = Inter-level travel time spent in this place.
 D = Time resting spent in this place.
 E = Time spent auto-exploring this place.
 F = Levels seen in this place.
 G = Mean time per level.
                   A        B        C        D        E       F      G
               +--------+--------+--------+--------+--------+-----+--------+
         Total |   8981 |   8588 |    393 |   1598 |   5231 |  10 |  898.1 |
       Dungeon |   8526 |   8146 |    380 |   1425 |   5099 |   8 | 1065.8 |
        Temple |     14 |      1 |     13 |      0 |      0 |   1 |   14.0 |
       Ossuary |    440 |    440 |      0 |    173 |    132 |   1 |  440.0 |
               +--------+--------+--------+--------+--------+-----+--------+

Top non-repeatable levels by time:
     D:6: 1668 daAuts
     D:2: 1118 daAuts
     D:3: 1106 daAuts
     D:5: 1090 daAuts
     D:7: 1013 daAuts
     D:1: 1012 daAuts
     D:8: 814 daAuts
     D:4: 701 daAuts
 Ossuary: 440 daAuts
  Temple: 14 daAuts
